 Dungeon Crawl Stone Soup version 0.27-a0-860-gaf99fae3ca (webtiles) character file.

Game seed: 3326426887413600841

1577 Ndrwtcm the Basher (level 8, -5/64 HPs)
             Began as a Hill Orc Fighter on Apr 1, 2021.
             Was a Follower of Okawaru.
             Slain by a red ugly thing (7 damage)
             ... on level 7 of the Dungeon.
             The game lasted 00:15:05 (6498 turns).

Ndrwtcm the Basher (Hill Orc Fighter)               Turns: 6498, Time: 00:15:07

Health: -5/64      AC: 10    Str: 21    XL:     8   Next: 91%
Magic:  8/8        EV:  9    Int:  8    God:    Okawaru [*.....]
Gold:   220        SH:  9    Dex: 10    Spells: 7/7 levels left

rFire    + . .     SeeInvis .   t - +2 mace (venom)
rCold    + + .     Faith    .   c - +0 kite shield
rNeg     . . .     Spirit   .   g - +0 chain mail
rPois    .         Reflect  .   s - +0 helmet
rElec    +         Harm     .   C - scarf {rC+ rF+}
rCorr    .         Rampage  .   (no gloves)
Will     .....                  (no boots)
Stlth    ..........             (no amulet)
HPRegen  0.20/turn              u - +4 ring of slaying
MPRegen  0.11/turn              F - ring of Hoewoc {rElec rC+ EV+4}

@: no status effects
A: no striking features
a: Renounce Religion, Heroism


You were on level 7 of the Dungeon.
You worshipped Okawaru.
Okawaru was aware of your devotion.
You visited 1 branch of the dungeon, and saw 7 of its levels.
You also visited: Sewer.

You collected 220 gold pieces.

Inventory:

Hand Weapons
 a - a +0 war axe
 k - a +1 whip of electrocution
 t - a +2 mace of venom (weapon)
Missiles
 l - 2 curare-tipped darts (quivered)
Armour
 c - a +0 kite shield (worn)
 g - a +0 chain mail (worn)
 s - a +0 helmet (worn)
 C - a scarf of resistance (worn)
Jewellery
 u - a +4 ring of slaying (left hand)
 F - the ring of Hoewoc (right hand) {rElec rC+ EV+4}
   (You found it on level 6 of the Dungeon)

   [ring of evasion]

   It affects your evasion (+4).
   It protects you from cold.
   It insulates you from electricity.
 H - a ring of poison resistance
Wands
 n - a wand of charming (8)
 x - a wand of polymorph (3)
 y - a wand of iceblast (7)
 A - a wand of paralysis (10)
Scrolls
 b - 3 scrolls of enchant armour
 e - 5 scrolls of identify
 f - a scroll of magic mapping
 h - a scroll of fog {unknown}
 i - 2 scrolls of teleportation {unknown}
 j - a scroll of brand weapon {unknown}
 o - a scroll of noise {unknown}
 r - a scroll of amnesia {unknown}
 z - a scroll of enchant weapon {unknown}
 E - 2 scrolls of fear {unknown}
 G - a scroll of blinking {unknown}
Potions
 d - a potion of might
 m - 2 potions of curing {unknown}
 p - 2 potions of haste {unknown}
 q - a potion of mutation {unknown}
 v - 2 potions of flight
 w - a potion of heal wounds
 B - a potion of brilliance {unknown}
 D - a potion of lignification {unknown}
 I - a potion of degeneration {unknown}


   Skills:
 - Level 3.6 Fighting
 - Level 5.5(10.0) Axes
 + Level 11.0(11.3) Maces & Flails
 - Level 3.2 Armour
 - Level 3.2 Shields


You had 7 spell levels left.
You didn't know any spells.
Your spell library contained the following spells:

 Spells                   Type           Power      Damage    Failure   Level
 Corona                   Hex            0%         N/A       100%        1
 Ensorcelled Hibernation  Hex/Ice        0%         N/A       100%        2
 Confusing Touch          Hex            0%         N/A       100%        3
 Dazzling Flash           Conj/Hex       0%         N/A       100%        3
 Tukima's Dance           Hex            0%         N/A       100%        3


Dungeon Overview and Level Annotations

Branches:
Dungeon (7/15)             Temple (0/1) D:6           Sewer (visited)

Altars:
Cheibriados
Nemelex Xobeh
Okawaru
Ru
The Shining One

Shops:
D:3 *:[   D:4 (   D:5 [   D:7 ?

Annotations:
D:3 1 runed translucent door, Crazy Yiuf
D:6 1 runed translucent door, chippings's ghost, novice GnWn


Message History

The centaur zombie kicks you but does no damage.
The centaur zombie barely misses you.
The centaur zombie kicks you but does no damage.
You sock the centaur zombie!
The centaur zombie is almost destroyed.
The centaur zombie closely misses you.
The centaur zombie kicks you but does no damage.
You barely miss the centaur zombie.
The centaur zombie is almost destroyed.
The centaur zombie hits you but does no damage.
The centaur zombie kicks you but does no damage.
You hit the centaur zombie.
You destroy the centaur zombie!
Okawaru accepts your kill.
Your Maces & Flails skill increases to level 11!
You see here a +0 giant spiked club.
You start resting.
A centaur comes into view. It is wielding a staff of poison.
You start resting.
A slime creature comes into view.
A red ugly thing comes into view.
A five-headed hydra comes into view.
The five-headed hydra roars!
You block the red ugly thing's attack. The red ugly thing punches you.
You are engulfed in flames!
You resist. The red ugly thing punches you.
You are engulfed in flames.
You resist.
The red ugly thing punches you but does no damage.
You barely miss the red ugly thing. The red ugly thing punches you!
* * * LOW HITPOINT WARNING * * *
You are engulfed in flames!
You resist.
* * * LOW HITPOINT WARNING * * *
You thump the red ugly thing!
The red ugly thing is poisoned.
The red ugly thing is lightly wounded.
You block the red ugly thing's attack.
You thump the red ugly thing!
The red ugly thing looks as sick as possible!
The red ugly thing is moderately wounded.
The red ugly thing punches you!
* * * LOW HITPOINT WARNING * * *
You are engulfed in flames!
You resist.
You die...

# #.# #...###.####. #.#
######.####.# #) #.#
#.........#.# #. # #.#
#.####.##.#.. .. ## #.# #.#
##.##.### .. .## ###.### #.#
#..##.# ... ..## ##<#...#
#.# #..##.# ...
...####...##.####.###...#.##
....
...'<..†........@uD........+
...####...##.#######.#..####
..## #...###.# #...#...# .##
#.#.....# #.#####.# ##
#...##### #...# ..# # ##.##
##.^#.### #+ #.# #....# #.
#.# #.#### #. # #.# #D#
######.


You could see a five-headed hydra and a red ugly thing (extremely poisoned).

Vanquished Creatures
  Sigmund (D:5)
  2 steam dragons (D:7)
  A black bear (D:6)
  4 ogres
  2 kobold brigands
  A bullfrog (D:6)
  A scorpion (D:5)
  A howler monkey (D:5)
  A centaur zombie (D:7)
  A bullfrog skeleton (D:5)
  2 hounds
  A jelly (D:5)
  2 iguanas
  A scorpion zombie (D:5)
  2 river rats (Sewer)
  9 adders
  2 white imps
  An ufetubus (D:5)
  2 worms (D:4)
  5 dart slugs
  2 orcs (D:6)
  5 ball pythons
  6 endoplasms
  4 giant cockroaches
  8 goblins
  6 hobgoblins
  8 jackals
  4 quokkas
  3 bats
  3 frilled lizards
  10 kobolds
  10 rats
111 creatures vanquished.

Notes
Turn   | Place    | Note
-------+----------+-------------------------------------------
     0 | D:1      | Ndrwtcm the Hill Orc Fighter began the quest for the Orb.
     0 | D:1      | Reached XP level 1. HP: 19/19 MP: 1/1
   343 | D:1      | Reached XP level 2. HP: 26/26 MP: 2/2
   888 | D:1      | Reached XP level 3. HP: 31/31 MP: 3/3
  1214 | D:2      | Reached skill level 5 in Axes
  1531 | D:2      | Reached XP level 4. HP: 39/39 MP: 4/4
  1786 | D:2      | Reached skill level 1 in Maces & Flails
  2078 | D:3      | Reached skill level 2 in Maces & Flails
  2241 | D:3      | Found Uguppoum's General Store.
  2245 | D:3      | Found a faded altar of an unknown god.
  2342 | D:3      | Found Ymamak's Book Shop.
  2351 | D:3      | Found Fibin's Antique Armour Boutique.
  2610 | D:3      | Reached XP level 5. HP: 42/45 MP: 5/5
  2787 | D:3      | Found a runed translucent door.
  2788 | D:3      | Noticed Crazy Yiuf
  2976 | D:4      | Reached skill level 3 in Maces & Flails
  2983 | D:4      | Found Beigh's Weapon Shoppe.
  3024 | D:4      | Found a glowing drain.
  3040 | Sewer    | Entered a sewer
  3144 | Sewer    | Noticed a kobold brigand
  3193 | Sewer    | Killed a kobold brigand
  3194 | Sewer    | Reached skill level 4 in Maces & Flails
  3194 | Sewer    | Reached XP level 6. HP: 36/51 MP: 6/6
  3297 | Sewer    | Found a white marble altar of Elyvilon.
  3447 | D:4      | Reached skill level 5 in Maces & Flails
  3765 | D:4      | Reached skill level 6 in Maces & Flails
  4117 | D:4      | Found a sacrificial altar of Ru.
  4117 | D:4      | Found a glowing golden altar of the Shining One.
  4122 | D:4      | Found a sparkling altar of Nemelex Xobeh.
  4262 | D:5      | Entered Level 5 of the Dungeon
  4294 | D:5      | Reached XP level 7. HP: 49/57 MP: 7/7
  4509 | D:5      | Reached skill level 7 in Maces & Flails
  4518 | D:5      | Found Soidwiw's Armour Emporium.
  4887 | D:5      | Noticed Sigmund
  4904 | D:5      | Killed Sigmund
  4905 | D:5      | Reached skill level 8 in Maces & Flails
  5201 | D:6      | Reached XP level 8. HP: 41/64 MP: 8/8
  5229 | D:6      | Reached skill level 9 in Maces & Flails
  5366 | D:6      | Found an iron altar of Okawaru.
  5372 | D:6      | Became a worshipper of Warmaster Okawaru
  5626 | D:6      | Found a runed translucent door.
  5632 | D:6      | Noticed chippings's ghost (novice GnWn)
  5700 | D:6      | Identified the ring of Hoewoc {rElec rC+ EV+4}
  5807 | D:6      | Found a staircase to the Ecumenical Temple.
  6029 | D:7      | Found a snail-covered altar of Cheibriados.
  6046 | D:7      | Reached skill level 10 in Maces & Flails
  6068 | D:7      | Found Zuisefeh's Magic Scroll Shop.
  6435 | D:7      | Noticed a gargoyle
  6444 | D:7      | Reached * piety under Okawaru
  6453 | D:7      | Reached skill level 11 in Maces & Flails
  6473 | D:7      | Noticed a slime creature
  6476 | D:7      | Noticed a red ugly thing
  6476 | D:7      | Noticed a five-headed hydra
  6498 | D:7      | HP: 2/64 [red ugly thing (7)]
  6498 | D:7      | Slain by a red ugly thing

Illustrated notes

Levels and vault maps discovered:
D:1:      minmay_arrival_solitary_statue, layout_loops_ring
D:2:      layout_loops_ring
D:3:      layout_basic, serial_shops, nicolae_shop_crystal, shop,
          nicolae_shop_waterfront, basic_ecumenical_altar, minmay_unequal,
          uniq_crazy_yiuf_cottage
D:4:      layout_rooms, gammafunk_temple_overflow_claw,
          cheibrodos_sewer_entry_bend, serial_shops, shop_statue
D:5:      layout_basic, serial_shops,
          nicolae_shop_temple_entry_statues_fountains, uniq_sigmund
D:6:      layout_basic, okawaru_metal_pillars_1_2,
          minmay_temple_entry_nine_rooms, ebering_ghost_sewer_d
D:7:      minmay_the_grid_square_5x5_3x3 [minmay_the_grid_square_5x5_v,
          minmay_the_grid_square_5x5_one_wall,
          minmay_the_grid_square_5x5_checkered_statues,
          minmay_the_grid_square_5x5_sharp_hourglass,
          minmay_the_grid_square_5x5_megaprize_crossed,
          minmay_the_grid_square_5x5_tri_point,
          minmay_the_grid_square_5x5_almost_minimal,
          minmay_the_grid_square_5x5_six_small,
          minmay_the_grid_square_5x5_bridge], layout_loops_corners,
          nicolae_overflow_crystal_walls, serial_shops, nicolae_shop_stone

Skill      XL: |  1  2  3  4  5  6  7  8 |
---------------+-------------------------+-----
Axes           | 3 4 5 |  5.5
Maces & Flails | 2 4 6 8 11 | 11.0
Fighting       | |  3.6
Armour         | |  3.2
Shields        | |  3.2

Action                   |  1- 3 |  4- 6 |  7- 9 || total
-------------------------+-------+-------+-------++-------
Melee: War axe           |    88 |       |       ||    88
       Whip              |     3 |   102 |       ||   105
       Mace              |       |    76 |    96 ||   172
  Use: Scroll            |       |     2 |       ||     2
       Potion            |       |     2 |       ||     2
Armor: Scale mail        |    25 |       |       ||    25
       Chain mail        |    15 |    85 |    59 ||   159
Dodge: Dodged            |    28 |    41 |    28 ||    97
Block: Kite shield       |    56 |    75 |    31 ||   162

Table legend: (Time is in decaauts)
 A = Elapsed time spent in this place.
 B = Non-inter-level travel time spent in this place.
 C = Inter-level travel time spent in this place.
 D = Time resting spent in this place.
 E = Time spent auto-exploring this place.
 F = Levels seen in this place.
 G = Mean time per level.
                   A        B        C        D        E       F      G
               +--------+--------+--------+--------+--------+-----+--------+
         Total |   6651 |   6439 |    212 |    162 |   5238 |   8 |  831.4 |
       Dungeon |   6294 |   6082 |    212 |    162 |   4989 |   7 |  899.1 |
         Sewer |    357 |    357 |      0 |      0 |    248 |   1 |  357.0 |
               +--------+--------+--------+--------+--------+-----+--------+

Top non-repeatable levels by time:
     D:1: 1192 daAuts
     D:4: 1040 daAuts
     D:3: 979 daAuts
     D:5: 920 daAuts
     D:6: 857 daAuts
     D:2: 829 daAuts
     D:7: 474 daAuts
   Sewer: 357 daAuts
